 Dungeon Crawl Stone Soup version 0.25.0-11-g1f837a76a1 (webtiles) character file.

Game seed: 10453660265933572257

83 Apogee the Skirmisher (level 4, -5/58 HPs)
             Began as a Human Wanderer on June 26, 2020.
             Killed from afar by a white imp (8 damage)
             ... with a puff of frost
             ... summoned by Natasha
             ... on level 1 of the Dungeon.
             The game lasted 00:04:39 (2726 turns).

Apogee the Skirmisher (Human Wanderer)              Turns: 2726, Time: 00:04:40

Health: -5/58      AC:  6    Str: 12    XL:     4   Next: 71%
Magic:  4/4        EV:  8    Int: 14    God:
Gold:   47         SH:  0    Dex: 12    Spells: 3/3 levels left

rFire    . . .     SeeInvis .   p - +0 war axe
rCold    . . .     Gourm    .   (no shield)
rNeg     . . .     Faith    .   j - +0 scale mail
rPois    .         Spirit   .   (no helmet)
rElec    .         Reflect  .   (no cloak)
rCorr    .         Harm     .   (no gloves)
MR       .....                  (no boots)
Stlth    ..........             (no amulet)
HPRegen  0.19/turn              (no ring)
MPRegen  0.09/turn              (no ring)

@: berserking (expiring), slowed
A: no striking features
a: no special abilities


You were on level 1 of the Dungeon.
You were not hungry.

You visited 1 branch of the dungeon, and saw 2 of its levels.

You collected 47 gold pieces.

Inventory:

Hand Weapons
 a - a +0 dagger
 k - a +0 whip
 p - a +0 war axe (weapon)
Missiles
 h - 14 poisoned darts (quivered)
Armour
 e - a +0 robe
 j - a +0 scale mail (worn)
Scrolls
 b - a scroll of blinking
 i - a scroll of immolation {unknown}
 l - a scroll of identify {unknown}
 n - a scroll of random uselessness {unknown}
 o - 2 scrolls of remove curse {unknown}
 r - a scroll of teleportation {unknown}
Potions
 c - a potion of lignification
 d - a potion of curing
 m - a potion of brilliance {unknown}
Comestibles
 g - 5 rations
 q - 2 chunks of flesh


   Skills:
 - Level 5.0 Fighting
 + Level 0.5(0.9) Axes
 - Level 1.0(1.1) Maces & Flails
 - Level 1.0 Throwing
 - Level 1.0 Armour
 - Level 2.0 Stealth
   Level 1.0 Shields
 - Level 1.0 Unarmed Combat


You had 3 spell levels left.
You didn't know any spells.
Your spell library was empty.

Dungeon Overview and Level Annotations

Branches:
Dungeon (2/15)

Altars:

Annotations:
D:1 Natasha


Message History

A red film seems to cover your vision as you go berserk!
You feel yourself moving faster!
You feel mighty!
Natasha howls an incantation.
You feel troubled. Natasha barely misses you.
You closely miss Natasha.
Natasha is heavily wounded.
Natasha stares at you and mumbles some strange words.
You resist with some effort.
Natasha casts a spell.
You closely miss Natasha.
Natasha is heavily wounded.
Natasha claws you but does no damage.
You barely miss Natasha.
Natasha is heavily wounded.
You hit the white imp. Natasha claws you!
* * * LOW HITPOINT WARNING * * *
The white imp gestures at you. The puff of frost hits you!
You die...

#.# #........# #.# # #.#
#>######.# #.# # #.# ##'##
#.# #.# # #.# ##...## #.# #.#
# #.## ##.....## #.###.###
##..# ##.......###.(.(....
###...####.........##.....[..
#..).....'..5h.....'.........
#.#...####..@......####...###
#.##.## ##.......## ##..#
#.#### ######### #### #.#
###################### #.#
#.#..#.....#..#.....#. #.#
##.#..#..#..#..#..#.... #.#
##...................... #.#
#...#..#..#..#...(.#..#. #.#
#.#..........#.....#..#)


You could see Natasha and a white imp (summoned).

Vanquished Creatures
  2 adders (D:2)
  An ooze (D:1)
  2 worms (D:2)
  A dart slug (D:1)
  2 leopard geckos
  A giant cockroach (D:1)
  7 goblins
  6 hobgoblins
  4 jackals (D:1)
  8 kobolds
  2 quokkas (D:2)
  4 bats
  4 frilled lizards (D:2)
  7 rats
51 creatures vanquished.

Notes
Turn   | Place    | Note
-------+----------+-------------------------------------------
     0 | D:1      | Apogee the Human Wanderer began the quest for the Orb.
     0 | D:1      | Apogee set off with the following items: a +0 dagger, a
                  | scroll of blinking, a potion of lignification, a potion of
                  | curing, a +0 robe, a potion of berserk rage, a ration
     0 | D:1      | Reached XP level 1. HP: 18/18 MP: 1/1
   315 | D:1      | Reached XP level 2. HP: 23/24 MP: 2/2
   694 | D:1      | Reached skill level 4 in Fighting
   694 | D:1      | Reached XP level 3. HP: 26/30 MP: 3/3
  1863 | D:2      | Reached XP level 4. HP: 23/38 MP: 4/4
  2258 | D:2      | Reached skill level 5 in Fighting
  2706 | D:2      | Noticed Natasha
  2726 | D:1      | Killed from afar by a white imp

Illustrated notes

Levels and vault maps discovered:
D:1:      dpeg_arrival_ternary, layout_loops_corners, patterned_corridor
D:2:      layout_rooms, nicolae_overflow_hidden_temple, amethyst_killhole,
          minmay_lizard_king, uniq_natasha

Skill      XL: |  1  2  3  4 |
---------------+-------------+-----
Fighting       | 4 5 |  5.0
Axes           | |  0.5
Maces & Flails | |  1.0
Throwing       | |  1.0
Armour         | |  1.0
Stealth        | |  2.0
Shields        | |  1.0
Unarmed Combat | |  1.0

Action                   |  1- 3 |  4- 6 || total
-------------------------+-------+-------++-------
Melee: Dagger            |    15 |       ||    15
       Whip              |   200 |    59 ||   259
       War axe           |       |    30 ||    30
Throw: Dart              |     2 |       ||     2
  Use: Potion            |       |     1 ||     1
 Stab: Sleeping          |     2 |       ||     2
  Eat: Chunk             |     3 |     3 ||     6
Armor: Scale mail        |    95 |    32 ||   127
Dodge: Dodged            |    86 |    51 ||   137
